 Dungeon Crawl Stone Soup version 0.22-a0-136-g83a10e5 (webtiles) character file.

2570 KristoblXynda the Covert (level 9, -11/78 HPs)
             Began as a Naga Monk on Feb 2, 2018.
             Was a Priest of Yredelemnul.
             Mangled by a two-headed ogre
             ... wielding a +0 giant club
              (12 damage)
             ... on level 9 of the Dungeon.
             The game lasted 00:17:33 (8722 turns).

KristoblXynda the Covert (Naga Monk)                Turns: 8722, Time: 00:17:34

Health: -11/78     AC:  9    Str: 13    XL:     9   Next: 57%
Magic:  12/12      EV: 13    Int: 14    God:    Yredelemnul [***...]
Gold:   505        SH:  0    Dex: 16    Spells: 8/8 levels left

rFire    . . .     SeeInvis +     - Unarmed
rCold    . . .     Gourm    .   (no shield)
rNeg     . . .     Faith    .   a - +0 robe
rPois    +         Spirit   .   o - +2 helmet {SInv}
rElec    .         Reflect  .   d - +0 cloak
rCorr    .         Harm     .   j - +0 pair of gloves
MR       ++...                  (no barding)
Stlth    +++++.....             s - amulet of magic regeneration
HPRegen  0.23/turn              h - ring of wizardry
MPRegen  0.38/turn              (no ring)

@: drained, very slow
A: large, camouflage 1, see invisible, agile 1, deformed body, magic resistance
1, poison resistance, slowness 2, slow metabolism 1, spit poison 1, AC +3
a: Spit Poison, Recall Undead Slaves, Injury Mirror, Animate Dead, Renounce
Religion


You were on level 9 of the Dungeon.
You worshipped Yredelemnul.
Yredelemnul was most pleased with you.
You were not hungry.

You visited 2 branches of the dungeon, and saw 10 of its levels.

You collected 505 gold pieces.

Inventory:

Missiles
 w - 5 javelins (quivered)
Armour
 a - a +0 robe (worn)
 d - a +0 cloak (worn)
 j - a +0 pair of gloves (worn)
 o - a +2 helmet of see invisible (worn)
 p - a +2 shield
Jewellery
 h - a ring of wizardry (left hand)
 s - an amulet of magic regeneration (around neck)
Wands
 k - a wand of paralysis (15)
 q - a wand of digging (15)
 y - a wand of iceblast (7)
 A - a wand of polymorph (11)
Scrolls
 f - a scroll of fear
 g - 2 scrolls of remove curse
 l - 2 scrolls of magic mapping
 m - 7 scrolls of teleportation
 r - a scroll of immolation {unknown}
 v - a scroll of enchant weapon {unknown}
Potions
 c - a potion of magic
 e - 2 potions of flight
 i - 4 potions of resistance
 n - a potion of invisibility
 t - a potion of brilliance {unknown}
 u - a potion of might {unknown}
 z - a potion of curing {unknown}
Books
 x - a book of Necromancy

   Spells                             Type                      Level
   a - Pain                           Necromancy                   1
   b - Animate Skeleton               Necromancy                   1
   c - Vampiric Draining              Necromancy                   3
   d - Regeneration                   Charms/Necromancy            3
   e - Animate Dead                   Necromancy                   4
Comestibles
 b - 11 rations
 B - a chunk of flesh


   Skills:
 - Level 4.1(3.8) Fighting
 + Level 3.1(2.8) Armour
 + Level 5.5(5.1) Dodging
 + Level 9.6(9.2) Stealth
 + Level 7.5(7.1) Unarmed Combat
 + Level 4.5(4.2) Invocations


You had 8 spell levels left.
You didn't know any spells.

Dungeon Overview and Level Annotations

Branches:
Dungeon (9/15)             Temple (1/1) D:5
   Lair: D:8-11         Orc: D:9-12

Altars:
Ashenzari
Cheibriados
Dithmenos
Elyvilon
Fedhas
Gozag
Hepliaklqana
Kikubaaqudgha
Makhleb
Nemelex Xobeh
Okawaru
Qazlal
Ru
Sif Muna
Trog
Uskayaw
Vehumet
Wu Jian
Xom
Yredelemnul
Zin
The Shining One

Annotations:
D:4 Menkaure
D:8 ThereIsNoGod's ghost, journeyman FoEE


Innate Abilities, Weirdness & Mutations

You cannot wear boots.
Your serpentine skin is tough. (AC +3)
You have supernaturally acute eyesight. (SInv)
Armour fits poorly on your strangely shaped body.
Your system is resistant to poisons. (rPois)
You cover ground very slowly.
You have a slow metabolism.
You can spit poison.
Your skin changes colour to match your surroundings (Stealth+).
You are agile. (Dex +2)
You are resistant to hostile enchantments. (MR+)


Message History

The two-headed ogre hits you with a giant spiked club!
The bullfrog misses you.
Press: ? - help, Shift-Dir - straight line, f - two-headed ogre
Aim: a two-headed ogre, wielding a giant club and a giant spiked club (moderately wounded, poisoned)
The splash of poison hits the two-headed ogre.
The two-headed ogre looks even sicker.
The two-headed ogre is heavily wounded.
You feel slightly more hungry.
The two-headed ogre hits you with a giant club!!
The two-headed ogre hits you with a giant spiked club!
The bullfrog barely misses you.
The bullfrog hits you but does no damage.
You have got your breath back.
The bullfrog hits you but does no damage.
The bullfrog misses you.
The two-headed ogre hits you with a giant club!!
* * * LOW HITPOINT WARNING * * *
The two-headed ogre hits you with a giant spiked club!
You die...
Your body rises from the dead as a mindless zombie.

$... .........#
..O. #.........#
.... ..........##
....
#####..........##
....
................##
....
#...............#
#..............#
#........FO....#
#........@.....#
#..............#
#<...........##
##..........##
############


You could see a two-headed ogre and a bullfrog.

Vanquished Creatures
  Prince Ribbit (D:6)
  Sigmund (D:6)
  2 orc warriors (D:7)
  2 sky beasts (D:6)
  2 ogres
  A phantom (D:4)
  A centaur (D:6)
  A gnoll sergeant (D:5)
  3 bullfrogs
  3 scorpions
  4 wights (D:8)
  2 crimson imps
  2 howler monkeys (D:8)
  A bullfrog zombie (D:5)
  A centaur zombie (D:6)
  A quasit (D:6)
  A bullfrog skeleton (D:6)
  A hound (D:7)
  3 orc wizards
  3 orc priests
  4 iguanas
  9 worker ants
  A hound zombie (D:6)
  A hound skeleton (D:4)
  3 gnolls (D:5)
  10 adders
  An ooze (D:1)
  A worm (D:2)
  5 leopard geckos
  14 orcs
  4 giant cockroaches
  4 goblins
  6 hobgoblins
  8 jackals
  3 quokkas
  A ball python (D:6)
  A ball python skeleton (D:6)
  5 bats
  A frilled lizard (D:2)
  A giant cockroach zombie (D:6)
  A jackal skeleton (D:5)
  5 kobolds
  4 rats
129 creatures vanquished.

Notes
Turn   | Place    | Note
-------+----------+-------------------------------------------
     0 | D:1      | KristoblXynda the Naga Monk began the quest for the Orb.
     0 | D:1      | Reached XP level 1. HP: 21/21 MP: 1/1
    62 | D:1      | Reached XP level 2. HP: 28/28 MP: 2/2
   532 | D:2      | Reached XP level 3. HP: 17/34 MP: 3/3
   860 | D:2      | Reached skill level 4 in Stealth
  1040 | D:2      | Reached XP level 4. HP: 42/42 MP: 4/4
  1598 | D:3      | Reached XP level 5. HP: 46/49 MP: 5/5
  1664 | D:3      | Reached skill level 5 in Stealth
  1942 | D:4      | Reached skill level 5 in Unarmed Combat
  2131 | D:4      | Reached XP level 6. HP: 47/56 MP: 6/6
  2145 | D:4      | Noticed Menkaure
  2151 | D:4      | Gained mutation: Your skin changes colour to match your surroundings (Stealth+). [potion of mutation]
  2151 | D:4      | Gained mutation: You are resistant to hostile enchantments. (MR+) [potion of mutation]
  2151 | D:4      | Gained mutation: You are agile. (Dex +2) [potion of mutation]
  2921 | D:4      | Reached skill level 6 in Stealth
  2921 | D:4      | Reached XP level 7. HP: 62/62 MP: 7/7
  3463 | D:5      | Entered Level 5 of the Dungeon
  3495 | D:5      | Found a staircase to the Ecumenical Temple.
  3503 | Temple   | Entered the Ecumenical Temple
  3772 | Temple   | Became a worshipper of Yredelemnul the Dark
  3772 | Temple   | Reached * piety under Yredelemnul
  3772 | Temple   | Reached ** piety under Yredelemnul
  3874 | D:5      | Reached skill level 7 in Stealth
  4107 | D:5      | Reached skill level 1 in Invocations
  4220 | D:5      | Reached XP level 8. HP: 44/72 MP: 8/8
  4768 | D:6      | Noticed Sigmund
  4781 | D:6      | Killed Sigmund
  4874 | D:6      | Reached skill level 1 in Armour
  4964 | D:6      | Reached skill level 8 in Stealth
  5553 | D:6      | Noticed Prince Ribbit
  5569 | D:6      | Killed Prince Ribbit
  5569 | D:6      | Reached skill level 5 in Dodging
  5569 | D:6      | Reached XP level 9. HP: 60/78 MP: 11/11
  5983 | D:6      | Reached skill level 9 in Stealth
  7675 | D:8      | Found an ornate altar of the Wu Jian Council.
  7813 | D:8      | Noticed ThereIsNoGod's ghost (journeyman FoEE)
  8005 | D:8      | Reached *** piety under Yredelemnul
  8293 | D:8      | Found a burning altar of Makhleb.
  8449 | D:9      | Noticed a two-headed ogre
  8488 | D:9      | Noticed a two-headed ogre
  8722 | D:9      | HP: 1/78 [two-headed ogre/giant club (33)]
  8722 | D:9      | Mangled by a two-headed ogre

Vault maps used:
D:1:      minmay_arrival_four_loops
D:3:      first_ration
D:4:      uniq_menkaure
D:5:      minmay_temple_entry_statues_pillars, lightli_minifort
D:6:      uniq_prince_ribbit1, uniq_sigmund
D:7:      st_stairs_9
D:8:      kennysheep_mini, basic_altar
D:9:      serial_shops, shop, nicolae_shop_behind_doors,
          nicolae_shop_competitors_out_of_business
Temple:   nicolae_temple_the_god_donut

Skill      XL: |  1  2  3  4  5  6  7  8  9 |
---------------+----------------------------+-----
Stealth        | 4 5 6 7 8 9 |  9.6
Unarmed Combat | 4 5 6 7 |  7.5
Dodging        | 3 4 5 |  5.5
Invocations    | 1 3 4 |  4.5
Fighting       | 4 |  4.1
Armour         | 2 3 |  3.1

Action                   |  1- 3 |  4- 6 |  7- 9 || total
-------------------------+-------+-------+-------++-------
Melee: Unarmed           |    73 |   142 |   410 ||   625
       Punch             |     1 |     2 |    12 ||    15
 Abil: Spit Poison       |    13 |    18 |    33 ||    64
Evoke: Wand              |       |       |     6 ||     6
  Use: Scroll            |     1 |     5 |     8 ||    14
       Potion            |       |     2 |     1 ||     3
 Stab: Sleeping          |     4 |     3 |     6 ||    13
       Paralysed         |       |       |     7 ||     7
  Eat: Chunk             |     1 |     5 |     6 ||    12
       Ration            |       |       |     4 ||     4
Armor: Robe              |    19 |    43 |   127 ||   189
Dodge: Dodged            |    52 |    64 |   273 ||   389

Table legend:
 A = Spawn XP
 B = Non-spawn XP
 C = Spawn XP percentage of total XP
 D = Spawn monster count
 E = Non-spawn monster count
 F = Spawn count percentage of total count
 G = Total turns spent on level
                    A         B        C        D         E        F      G
               +---------+---------+-------+---------+---------+-------+---------
         Total |       0 |    3672 |   0.0 |       0 |     129 |   0.0 |  8722
               +---------+---------+-------+---------+---------+-------+---------
           D:1 |       0 |      31 |   0.0 |       0 |      16 |   0.0 |   520
           D:2 |       0 |      57 |   0.0 |       0 |      16 |   0.0 |   706
           D:3 |       0 |     191 |   0.0 |       0 |      16 |   0.0 |   705
           D:4 |       0 |     613 |   0.0 |       0 |      19 |   0.0 |  1532
           D:5 |       0 |     455 |   0.0 |       0 |      19 |   0.0 |  1016
           D:6 |       0 |    1383 |   0.0 |       0 |      24 |   0.0 |  1835
           D:7 |       0 |     426 |   0.0 |       0 |       9 |   0.0 |   951
           D:8 |       0 |     409 |   0.0 |       0 |       8 |   0.0 |   924
           D:9 |       0 |     107 |   0.0 |       0 |       2 |   0.0 |   250
               +---------+---------+-------+---------+---------+-------+---------
